 Dungeon Crawl Stone Soup version 0.27.1-33-g824d729ab1 (webtiles) character file.

Game seed: 5698438274392044917

252929 Sharkman1231 the Merfolkian Porcupine (level 19, -18/155 HPs)
             Began as a Merfolk Delver on Dec 31, 2021.
             Was the Champion of Yredelemnul.
             Killed from afar by a deep elf knight (38 damage)
             ... with a shard of ice
             ... on level 2 of the Elven Halls.
             The game lasted 01:02:45 (54271 turns).

Sharkman1231 the Merfolkian Porcupine (MfDe)       Turns: 54271, Time: 01:02:46

Health: -18/155    AC: 24    Str: 24    XL:     19   Next: 70%
Magic:  26/26      EV: 19    Int: 18    God:    Yredelemnul [******]
Gold:   724        SH:  5    Dex: 29    Spells: 20/25 levels left

rFire    + . .     SeeInvis .   a - +5 bardiche of the Briny Deep {drain, *Rage rElec rPois Int+5}
rCold    . . .     Faith    .   (shield currently unavailable)
rNeg     . . .     Spirit   .   D - +5 scale mail "Noeni" {rElec rCorr Dex+2 Stlth+}
rPois    +         Reflect  +   l - +2 helmet
rElec    +         Harm     .   A - +1 cloak {rCorr}
rCorr    +         Rampage  .   N - +1 pair of gloves
Will     ++++.     Rnd*Rage +   d - +0 pair of boots "Bewneint" {*Slow rF+ Will+++ Str+5}
Stlth    +++++++++.             o - amulet of reflection
HPRegen  0.35/turn              M - ring of poison resistance
MPRegen  0.20/turn              x - ring of the Iron Devil {Str+4 Dex+6}

@: lethally poisoned (-18 -> -23), wreathed by umbra, studying 2 skills
A: (nimble swimmer 2), mertail, agile 1, strong 1
}: 2/15 runes: serpentine, barnacled
a: Renounce Religion, Recall Undead Slaves, Injury Mirror, Animate Dead, Drain
Life, Enslave Soul


You were on level 2 of the Elven Halls.
You worshipped Yredelemnul.
Yredelemnul was exalted by your worship.
You visited 7 branches of the dungeon, and saw 33 of its levels.
You also visited: Sewer, Bailey, Gauntlet and Ice Cave.

You collected 3387 gold pieces.
You spent 2663 gold pieces at shops.

Inventory:

Hand Weapons
 a - the +5 bardiche of the Briny Deep (weapon) {drain, *Rage rElec rPois Int+5}
   (You found it in an ice cave)

   A truly terrible weapon, it drains the life of any living foe it strikes.
   Int:       It affects your intelligence (+5).
   rElec:     It insulates you from electricity.
   rPois:     It protects you from poison.
   *Rage:     It may make you go berserk in combat.
 b - a +5 spear of venom
 Y - a +1 vampiric demon trident
Missiles
 w - 2 throwing nets (quivered)
 R - 14 curare-tipped darts
Armour
 d - the +0 pair of boots "Bewneint" (worn) {*Slow rF+ Will+++ Str+5}
   (You found it in a Gauntlet)

   Str:       It affects your strength (+5).
   rF:        It protects you from fire.
   *Slow:     It may slow you when you take damage.
   Will:      It greatly increases your willpower.
 l - a +2 helmet (worn)
 A - a +1 cloak of preservation (worn)
 D - the +5 scale mail "Noeni" (worn) {rElec rCorr Dex+2 Stlth+}
   (You found it on level 8 of the Dungeon)

   Dex:       It affects your dexterity (+2).
   rElec:     It insulates you from electricity.
   rCorr:     It protects you from acid and corrosion.
   Stlth:     It makes you more stealthy.
 N - a +1 pair of gloves (worn)
Jewellery
 o - an amulet of reflection (around neck)
 t - the ring of the Vendetta {rN+ Int+6}
   (You found it on level 2 of the Shoals)

   [ring of intelligence]

   Int:       It affects your intelligence (+6).
   rN:        It protects you from negative energy.
 x - the ring of the Iron Devil (right hand) {Str+4 Dex+6}
   (You found it on level 5 of the Dungeon)

   [ring of dexterity]

   Str:       It affects your strength (+4).
   Dex:       It affects your dexterity (+6).
 B - an amulet of magic regeneration
 E - a +4 ring of protection
 M - a ring of poison resistance (left hand)
 W - the ring of Ohihunuma {rF+ Int-3 SInv Stlth+}
   (You acquired it in a bailey)

   [ring of protection from fire]

   Int:       It affects your intelligence (-3).
   rF:        It protects you from fire.
   SInv:      It lets you see invisible.
   Stlth:     It makes you more stealthy.
Wands
 g - a wand of digging (13)
 u - a wand of acid (14)
 z - a wand of flame (17)
 L - a wand of mindburst (22)
 P - a wand of polymorph (8)
 S - a wand of iceblast (18)
 T - a wand of charming (9)
 V - a wand of paralysis (30)
Scrolls
 c - 9 scrolls of fog
 e - 7 scrolls of immolation
 h - 6 scrolls of enchant weapon
 m - 7 scrolls of magic mapping
 n - 2 scrolls of summoning
 s - 10 scrolls of enchant armour
 y - 2 scrolls of brand weapon
 C - 5 scrolls of vulnerability
 G - 7 scrolls of fear
 I - 3 scrolls of silence
 J - a scroll of identify
 O - 6 scrolls of blinking
 U - 9 scrolls of teleportation
Potions
 f - 8 potions of haste
 i - a potion of berserk rage
 j - 6 potions of lignification
 k - 4 potions of flight
 p - 4 potions of magic
 q - a potion of resistance
 r - 6 potions of brilliance
 v - 5 potions of cancellation
 F - 2 potions of invisibility
 H - 7 potions of attraction
 K - a potion of might
 Q - 9 potions of heal wounds
 X - 11 potions of curing
 Z - 2 potions of ambrosia


   Skills:
 - Level 15.5 Fighting
 O Level 27 Polearms
 - Level 11.4 Armour
 - Level 9.0 Dodging
 - Level 10.1 Stealth
 + Level 3.7 Spellcasting
 - Level 11.0 Hexes
 - Level 9.3 Air Magic
 - Level 10.0 Invocations


You had 20 spell levels left.
You knew the following spells:

 Your Spells              Type           Power      Damage    Failure   Level
a - Silence               Hex/Air        20%        N/A       12%         5

Your spell library contained the following spells:

 Spells                   Type           Power      Damage    Failure   Level
 Swiftness                Air            37%        N/A       1%          3
 Shock                    Conj/Air       80%        1d8       4%          1
 Airstrike                Air            18%        N/A       6%          4
 Poisonous Vapours        Pois/Air       40%        N/A       7%          2
 Portal Projectile        Hex/Tloc       46%        N/A       10%         3
 Animate Skeleton         Necr           6%         N/A       30%         1
 Pain                     Necr           12%        1d4       30%         1
 Sting                    Tmut/Pois      12%        1d3       30%         1
 Summon Lightning Spire   Summ/Air       20%        N/A       41%         4
 Vampiric Draining        Necr           1%         2d6       65%         3
 Metabolic Englaciation   Hex/Ice        11%        N/A       65%         5
 Lightning Bolt           Conj/Air       10%        1d23      77%         5
 Freezing Cloud           Conj/Ice/Air   7%         6-21      93%         5
 Hailstorm                Conj/Ice       3%         3d3       96%         4
 Ice Form                 Ice/Tmut       3%         N/A       96%         4
 Olgreb's Toxic Radiance  Pois           3%         N/A       96%         4
 Passage of Golubria      Tloc           N/A        N/A       96%         4
 Petrify                  Tmut/Erth      3%         N/A       96%         4
 Agony                    Necr           3%         N/A       100%        5
 Blade Hands              Tmut           1%         N/A       100%        5
 Excruciating Wounds      Necr           1%         N/A       100%        5
 Fireball                 Conj/Fire      1%         3d3       100%        5
 Irradiate                Conj/Tmut      1%         3d13      100%        5
 Iskenderun's Battlesphe  Conj           3%         2d6       100%        5
 Conjure Ball Lightning   Conj/Air       10%        3x3d6     100%        6
 Iron Shot                Conj/Erth      1%         9d1       100%        6
 Simulacrum               Ice/Necr       1%         N/A       100%        6
 Starburst                Conj/Fire      1%         6d3       100%        6
 Statue Form              Tmut/Erth      2%         N/A       100%        6
 Orb of Destruction       Conj           1%         N/A       100%        7
 Spellforged Servitor     Conj/Summ      1%         N/A       100%        7
 Borgnjor's Revivificati  Necr           1%         N/A       100%        8
 Lehudib's Crystal Spear  Conj/Erth      1%         10d2      100%        8
 Necromutation            Tmut/Necr      1%         N/A       100%        8
 Death's Door             Necr           1%         N/A       100%        9


Dungeon Overview and Level Annotations

Branches:
Dungeon (14/15)            Temple (1/1) D:7            Lair (6/6) D:10
 Shoals (4/4) Lair:3        Snake (4/4) Lair:4        Slime (0/5) Lair:5
    Orc (2/2) D:11            Elf (2/3) Orc:2        Vaults (0/5) D:14
  Sewer (visited)          Bailey (visited)           IceCv (visited)
Gauntlet (visited)

Altars:
Ashenzari
Cheibriados
Dithmenos
Elyvilon
Fedhas
Gozag
Hepliaklqana
Kikubaaqudgha
Makhleb
Nemelex Xobeh
Okawaru
Qazlal
Ru
Sif Muna
Trog
Uskayaw
Vehumet
Wu Jian
Xom
Yredelemnul
Zin
The Shining One
Lugonu

Shops:
D:3 ?   D:8 ?   Orc:2 *[*[=   Elf:1 ([[(:   Shoals:1 (   Shoals:3 :
Shoals:4 (   Snake:4 [(

Annotations:
Lair:4 dnasty's ghost, adept GnWn
Elf:2 1 runed translucent door, Joey1's ghost, journeyman MiBe


Innate Abilities, Weirdness & Mutations

((You are quick and stealthy near water. (Stealth+, EV+, Speed+++)))
Your lower body shifts to a powerful aquatic tail in water.
You are agile. (Dex +2)
Your muscles are strong. (Str +2)


Message History

As you read the scroll of blinking, it crumbles to dust.
You feel very sick.
Unknown command.
What are your orders? t - Shout!
Orders for allies: a - Attack new target. r - Retreat! s - Stop attacking. g - Guard the area. f - Follow me.
Anything else - Cancel.
Gang up on whom?
Press: ? - help, Dir - move target, f - +4 glaive of venom
Aim: a +4 glaive of venom (lightly damaged, ally target, umbra) Attack!
You feel very sick.
You feel very sick.
Your profane servitor hits the +4 glaive of venom with a +2 whip of venom.
Your profane servitor misses the +4 glaive of venom.
You feel very sick.
Your profane servitor hits the +4 glaive of venom with a +2 whip of venom.
Your profane servitor hits the +4 glaive of venom but does no damage.
The +4 glaive of venom hits your bone dragon!
Your flayed ghost hits the +4 glaive of venom.
You hear some strange, mumbled words.
A shard of ice appears from out of thin air!
Deactivating autopickup; reactivate with Ctrl-A.
The shard of ice misses you.
Your profane servitor misses the +4 glaive of venom.
Your profane servitor hits the +4 glaive of venom but does no damage.
You feel sick.
Your profane servitor hits the +4 glaive of venom but does no damage.
Your profane servitor completely misses the +4 glaive of venom.
The +4 glaive of venom hits your bone dragon!!
Your bone dragon completely misses the +4 glaive of venom.
Your bone dragon claws the +4 glaive of venom.
Your bone dragon completely misses the +4 glaive of venom.
You hear some strange, mumbled words.
A shard of ice appears from out of thin air!
The shard of ice hits you!!!
You die...
Your body rises from the dead as a mindless zombie.

.................## #..#
..................##
#.##
.....###..........###.#
....# ##..........##.#
.... #......)...##.##
....# ##.....)....##...
.....###..........###...
.................## #...
......{@........## ####
.................##
....)...DD........##
....).....(........#
.......).WA........#
..........)...)....#
..#.......#.......##
.###.....###.....##
##...# ##...##


You could see a +4 glaive of venom (ally target), 2 friendly bone dragons, a
friendly profane servitor and a friendly flayed ghost.

Vanquished Creatures
  Nikola (Shoals:2)
  Rupert (D:12)
  Jorgrun (Snake:1)
  Polyphemus (Shoals:4)
  The ghost of DemonSlayer the Severer, an adept DsBe of Trog (Shoals:2)
  2 nagarajas (Snake:4)
  A deep elf sorcerer (Elf:1)
  An orc warlord (Bailey)
  A frost giant (Shoals:4)
  A minotaur (Gauntlet)
  A merfolk javelineer (Shoals:4)
  8 merfolk impalers
  10 naga warriors
  2 boulder beetles (D:14)
  5 hydras
  4 merfolk avatars
  A salamander tyrant (Snake:3)
  An alligator snapping turtle (Shoals:4)
  4 catoblepae
  A death knight (D:14)
  8 anacondas
  7 centaur warriors
  20 death yaks
  3 merfolk aquamancers
  The ghost of dnasty the Destroyer, a journeyman DECj of Vehumet (D:11)
  3 satyrs
  17 dancing weapons
  2 two-headed ogres (D:12)
  Erica (Lair:1)
  2 death scarabs (Gauntlet)
  A deep troll shaman (Lair:6)
  7 naga sharpshooters
  3 deep elf knights
  A thrashing horror (Gauntlet)
  A shadow wraith (D:14)
  A skeletal warrior (D:14)
  2 salamander mystics
  7 sea snakes
  2 bog bodies (Shoals:3)
  3 naga ritualists
  2 orc knights
  2 deep elf archers (Elf:1)
  3 wizards
  11 deep elf pyromancers
  A harpy (shapeshifter) (D:13)
  A spectral hydra (Gauntlet)
  A lindwurm (Lair:6)
  16 harpies
  An orc sorcerer (Orc:1)
  6 ugly things
  12 deep elf zephyrmancers
  A wolf spider (Lair:6)
  A mana viper (Snake:2)
  20 salamanders
  6 fauns (Shoals:2)
  5 cyclopes
  11 manticores
  2 moths of wrath (Shoals:2)
  15 elephants
  7 merfolk sirens
  2 guardian serpents (Snake:4)
  Joseph (D:7)
  3 water nymphs
  27 black mambas
  Maurice (D:12)
  15 cane toads
  8 naga magi
  3 unseen horrors
  A torpor snail (Lair:4)
  2 rime drakes
  8 kobold demonologists
  12 komodo dragons
  A tengu conjurer (D:14)
  An ice devil (IceCv)
  A freezing wraith (D:14)
  An entropy weaver simulacrum (IceCv)
  2 anaconda simulacra (IceCv)
  3 trolls
  2 polar bears (Lair:6)
  17 merfolk
  3 hornets
  10 blink frogs
  Prince Ribbit (D:6)
  2 wind drakes (Shoals:2)
  A raiju (Gauntlet)
  A dream sheep (shapeshifter) (D:13)
  4 dream sheep (Shoals:1)
  4 snapping turtles
  3 shadows
  2 air elementals (Elf:1)
  5 wyverns
  45 yaks
  2 vampires
  Eustachio (D:4)
  3 spriggans (Lair:4)
  21 water elementals
  6 wraiths
  A fire elemental (Elf:2)
  4 basilisks
  A chaos spawn (Gauntlet)
  Grum (D:10)
  A neqoxec (Gauntlet)
  A steam dragon (Gauntlet)
  4 death yak simulacra
  5 vampire mosquitoes
  A spectral cane toad (Gauntlet)
  6 wargs
  2 acid dragons
  24 nagas
  A harpy simulacrum (IceCv)
  Duvessa (D:6)
  7 water moccasins
  2 sky beasts (D:5)
  4 black bears
  36 orc warriors
  A hornet zombie (D:8)
  An ice beast (shapeshifter) (D:13)
  3 ogres
  An ogre (shapeshifter) (D:13)
  A boggart (Lair:4)
  2 necrophages
  16 wolves
  21 centaurs
  A phantom (D:7)
  7 kobold brigands
  9 bullfrogs
  5 two-headed ogre simulacra (IceCv)
  2 earth elementals (Elf:1)
  7 scorpions
  2 gnoll sergeants
  A cane toad simulacrum (IceCv)
  3 small abominations (Gauntlet)
  Dowan (D:6)
  8 killer bees
  2 elephant simulacra
  5 wights (D:6)
  A howler monkey (D:7)
  3 electric eels (Lair:2)
  3 lava snakes
  A crimson imp (D:14)
  6 centaur zombies
  Crazy Yiuf (D:7)
  4 hounds
  A bullfrog skeleton (D:6)
  6 orc priests
  2 jellies
  An iguana (D:7)
  Terence (D:3)
  11 orc wizards
  5 hell rats (Lair:6)
  A polar bear simulacrum (IceCv)
  4 spriggan simulacra (IceCv)
  2 wolf simulacra (IceCv)
  5 troll simulacra (IceCv)
  A killer bee zombie (D:6)
  3 hound skeletons (D:4)
  A howler monkey zombie (D:11)
  15 gnolls
  4 river rats (Sewer)
  6 adders
  6 naga simulacra (IceCv)
  5 shadow imps
  9 white imps
  9 ufetubi
  3 worms (D:2)
  6 dart slugs
  50 orcs
  6 bats
  6 endoplasms
  14 giant cockroaches
  18 goblins
  23 hobgoblins
  8 jackals
  8 quokkas
  9 ball pythons
  8 frilled lizards
  11 kobolds
  9 rats
986 creatures vanquished.

Vanquished Creatures (collateral kills)
  Asterion (Snake:1)
  Frances (Snake:1)
  Roxanne (Snake:1)
  2 nagarajas (Snake:4)
  Aizul (Snake:4)
  A merfolk javelineer (Shoals:4)
  Josephine (Lair:6)
  3 merfolk impalers
  Snorg (D:12)
  4 merfolk avatars
  9 naga warriors
  4 anacondas
  3 salamander tyrants
  A hydra (Lair:1)
  2 merfolk aquamancers (Shoals:4)
  2 alligator snapping turtles (Shoals:2)
  A two-headed ogre (Orc:2)
  8 death yaks
  5 naga sharpshooters
  7 dancing weapons
  A shock serpent (Snake:4)
  4 deep elf knights
  5 salamander mystics
  4 sea snakes
  8 harpies
  3 naga ritualists (Snake:4)
  2 bog bodies (IceCv)
  7 deep elf zephyrmancers
  4 deep elf pyromancers
  11 salamanders
  4 mana vipers
  2 cyclopes
  2 orc sorcerers
  4 fauns
  8 manticores
  3 merfolk sirens
  3 guardian serpents
  4 elephants (Lair:5)
  22 black mambas
  7 naga magi
  3 cane toads
  3 komodo dragons
  An anaconda simulacrum (IceCv)
  2 entropy weaver simulacra (IceCv)
  A troll (D:11)
  10 merfolk
  A polar bear (Lair:5)
  A blink frog (Lair:6)
  7 dream sheep
  4 snapping turtles (Shoals:4)
  5 water elementals
  10 yaks
  2 wargs (Orc:2)
  16 nagas
  4 water moccasins
  6 orc warriors
  A wolf (Lair:6)
  5 centaurs
  3 kobold brigands (D:11)
  2 bullfrogs (Lair:5)
  A small abomination (Gauntlet)
  An elephant simulacrum (IceCv)
  3 lava snakes
  2 orc priests
  5 orc wizards
  3 troll simulacra (IceCv)
  A polar bear simulacrum (IceCv)
  2 hell rats (Lair:6)
  A wolf simulacrum (Lair:5)
  2 gnolls
  An ufetubus (IceCv)
  15 orcs
  A bat (Orc:1)
  3 goblins (Bailey)
  A hobgoblin (Bailey)
295 creatures vanquished.

Vanquished Creatures (others)
  A bone dragon (Snake:4)
  A profane servitor (Snake:4)
  A ghoul (Snake:2)
  2 anacondas (Snake:1)
  2 shock serpents (Snake:2)
  A skeletal warrior (Lair:5)
  4 flayed ghosts
  3 phantasmal warriors
  2 vampires
  7 flying skulls (Orc:2)
  A spriggan (D:14)
  3 wraiths
  A centaur (Orc:2)
  A guardian serpent zombie (Snake:4)
  4 anaconda zombies
  2 wights
  A shock serpent zombie (Snake:2)
  15 centaur zombies
  2 sea snake zombies
  2 death yak zombies (Lair:4)
  A hydra zombie (Lair:5)
  2 ugly thing zombies (D:14)
  4 black mamba zombies
  A satyr zombie (Shoals:4)
  A minotaur skeleton (Lair:6)
  A catoblepas skeleton (Lair:2)
  A blink frog zombie (Lair:6)
  A mummy (Bailey)
  A wind drake zombie (Shoals:2)
  3 dream sheep zombies
  2 boulder beetle zombies (D:14)
  5 harpy zombies (Shoals:4)
  A merfolk skeleton (Shoals:4)
  3 two-headed ogre zombies
  A water nymph skeleton (Shoals:4)
  2 vampire mosquito zombies
  2 bullfrog zombies (Lair:5)
  5 elephant zombies
  2 elf zombies
  A komodo dragon zombie (Lair:5)
  2 manticore zombies (Shoals:4)
  7 merfolk zombies
  6 naga zombies
  5 salamander zombies
  A water moccasin skeleton (Lair:2)
  10 yak zombies
  3 cane toad zombies
  A human skeleton (Lair:6)
  3 naga skeletons (Snake:4)
  A salamander skeleton (Snake:4)
  2 warg zombies (Orc:2)
  2 cyclops zombies
  A black bear zombie (D:7)
  4 kobold zombies
  2 basilisk zombies
  An electric eel zombie (Lair:2)
  3 gnoll zombies (Bailey)
  7 goblin zombies (Bailey)
  4 hell rat zombies (Lair:6)
  4 hobgoblin zombies (Bailey)
  A killer bee zombie (D:7)
  5 orc skeletons
  26 orc zombies
  A steam dragon zombie (Gauntlet)
  5 wolf zombies
  7 demonic plants (D:14)
  59 fungi
  233 plants
502 creatures vanquished.

Grand Total: 1783 creatures vanquished

Notes
Turn   | Place    | Note
-------+----------+-------------------------------------------
     0 | D:5      | Sharkman1231 the Merfolk Delver began the quest for the
                  | Orb.
     0 | D:5      | Reached XP level 1. HP: 18/18 MP: 1/1
   215 | D:4      | Noticed a hound
   311 | D:4      | Noticed a scorpion
   601 | D:3      | Reached XP level 2. HP: 24/24 MP: 2/2
   603 | D:3      | Found a faded altar of an unknown god.
   683 | D:3      | Found a glowing drain.
   700 | Sewer    | Entered a sewer
   854 | Sewer    | Reached skill level 4 in Polearms
   856 | Sewer    | Reached XP level 3. HP: 22/30 MP: 3/3
  1426 | Sewer    | Reached XP level 4. HP: 19/37 MP: 4/4
  1645 | Sewer    | Reached skill level 5 in Polearms
  1891 | D:3      | Noticed Terence
  1912 | D:3      | Killed Terence
  2116 | D:3      | Reached XP level 5. HP: 42/42 MP: 5/5
  2138 | D:3      | Found Dobbeafa's Magic Scroll Shop.
  2147 | D:3      | Bought a scroll of identify for 22 gold pieces
  2148 | D:3      | Bought a scroll of teleportation for 33 gold pieces
  3055 | D:1      | Reached skill level 6 in Polearms
  3364 | D:2      | You fall into a shaft and drop 1 floor!
  4657 | D:4      | Noticed Eustachio
  4774 | D:4      | Reached XP level 6. HP: 43/49 MP: 6/6
  4892 | D:4      | Noticed an orc warrior
  5173 | D:5      | Noticed a sky beast
  5200 | D:6      | Noticed a sky beast
  5255 | D:6      | Reached skill level 7 in Polearms
  5255 | D:6      | Reached skill level 5 in Dodging
  5549 | D:6      | Noticed Prince Ribbit
  5591 | D:6      | Found a runed translucent door.
  5592 | D:6      | Found a runed translucent door.
  5630 | D:6      | Noticed Dowan
  5632 | D:6      | Noticed Duvessa
  5829 | D:7      | Found a staircase to the Ecumenical Temple.
  5842 | Temple   | Entered the Ecumenical Temple
  5923 | Temple   | Reached skill level 5 in Fighting
  5923 | Temple   | Reached skill level 8 in Polearms
  5923 | Temple   | Reached XP level 7. HP: 18/56 MP: 7/7
  6291 | Temple   | Became a worshipper of Yredelemnul the Dark
  6312 | D:7      | Noticed Joseph
  6386 | D:5      | Found a snail-covered altar of Cheibriados.
  6386 | D:5      | Found an opulent altar of Gozag.
  6387 | D:5      | Found an ancient bone altar of Kikubaaqudgha.
  6389 | D:5      | Found a stormy altar of Qazlal.
  6389 | D:5      | Found a broken altar of Ashenzari.
  6411 | D:5      | Identified the ring of the Iron Devil {Str+4 Dex+6}
  6749 | D:5      | Reached skill level 1 in Invocations
  7017 | D:5      | Reached skill level 9 in Polearms
  7389 | D:5      | Reached XP level 8. HP: 50/64 MP: 9/9
  7554 | D:6      | Killed Prince Ribbit
  8020 | D:6      | Killed Dowan
  8175 | D:7      | Killed Joseph
  8176 | D:7      | Reached skill level 10 in Polearms
  8538 | D:7      | Noticed a vampire
  8550 | D:8      | Noticed a shadow
  8964 | D:8      | Reached XP level 9. HP: 63/71 MP: 11/11
  9113 | D:8      | Reached skill level 11 in Polearms
  9532 | D:8      | Reached * piety under Yredelemnul
  9693 | D:8      | Found Idinul's Magic Scroll Boutique.
  9699 | D:8      | Bought a scroll of brand weapon for 280 gold pieces
  9699 | D:8      | Bought a scroll of identify for 28 gold pieces
  9902 | D:8      | Identified the +5 scale mail "Noeni" {rElec rCorr Dex+2
                  | Stlth+}
 10263 | D:8      | Reached skill level 12 in Polearms
 10275 | D:8      | Reached skill level 5 in Invocations
 10878 | D:7      | Reached XP level 10. HP: 29/80 MP: 14/14
 11480 | D:7      | Reached skill level 13 in Polearms
 11917 | D:7      | Found a runed translucent door.
 11918 | D:7      | Noticed Crazy Yiuf
 12172 | D:7      | Killed Crazy Yiuf
 12831 | D:6      | Killed Duvessa
 12971 | D:6      | Reached ** piety under Yredelemnul
 12972 | D:6      | Reached skill level 1 in Armour
 13211 | D:4      | Killed Eustachio
 13246 | D:4      | Reached skill level 14 in Polearms
 13476 | D:3      | Bought a scroll of enchant armour for 82 gold pieces
 13476 | D:3      | Bought a scroll of identify for 22 gold pieces
 14411 | D:9      | Reached XP level 11. HP: 32/87 MP: 16/16
 14969 | D:9      | Identified the ring of Unlid {Fly Str+6 Dex+2}
 15158 | D:10     | Entered Level 10 of the Dungeon
 15172 | D:10     | Noticed a centaur warrior
 15189 | D:10     | Killed a centaur warrior
 15190 | D:10     | Reached skill level 15 in Polearms
 15667 | D:10     | Found a staircase to the Lair.
 15934 | D:10     | Found a blossoming altar of Fedhas.
 15955 | D:10     | Reached *** piety under Yredelemnul
 16050 | D:10     | Noticed Grum
 16068 | D:10     | Killed Grum
 16482 | D:11     | Noticed a seven-headed hydra
 16518 | D:11     | Found a staircase to the Orcish Mines.
 16549 | D:11     | Reached skill level 16 in Polearms
 16989 | D:11     | Reached skill level 10 in Fighting
 17166 | D:11     | Found a runed translucent gate.
 17166 | D:11     | Found a runed translucent gate.
 17166 | D:11     | Found a runed translucent gate.
 17167 | D:11     | Noticed dnasty's ghost (journeyman DECj)
 17179 | D:11     | Reached XP level 12. HP: 93/97 MP: 18/18
 17241 | D:11     | Killed dnasty's ghost
 17753 | D:12     | Noticed Snorg
 17768 | D:12     | Reached skill level 17 in Polearms
 17788 | D:12     | Killed Snorg
 17941 | D:12     | Noticed a two-headed ogre
 17951 | D:12     | Killed a two-headed ogre
 18047 | D:12     | Noticed a two-headed ogre
 18056 | D:12     | Killed a two-headed ogre
 18089 | D:12     | Noticed Rupert
 18257 | D:12     | Noticed Maurice
 18270 | D:12     | Killed Maurice
 18508 | D:12     | Noticed an eight-headed hydra
 18520 | D:12     | Killed an eight-headed hydra
 18755 | D:12     | Killed Rupert
 18756 | D:12     | Reached skill level 18 in Polearms
 18756 | D:12     | Reached skill level 5 in Armour
 19018 | D:13     | Noticed a centaur warrior
 19030 | D:13     | Killed a centaur warrior
 19114 | D:13     | Reached **** piety under Yredelemnul
 19119 | D:13     | Reached XP level 13. HP: 69/106 MP: 20/20
 19602 | D:12     | Reached skill level 10 in Invocations
 20723 | D:14     | Found a flagged portal.
 20766 | Bailey   | Entered a bailey
 21135 | Bailey   | Reached ***** piety under Yredelemnul
 21135 | Bailey   | Received a gift from Yredelemnul (a mummy)
 21273 | Bailey   | Reached skill level 19 in Polearms
 21311 | Bailey   | Gained mutation: You are strong-willed. (Will+) [potion of
                  | mutation]
 21311 | Bailey   | Gained mutation: You have a pair of small antennae on your
                  | head. [potion of mutation]
 21322 | Bailey   | Noticed an orc warlord
 21344 | Bailey   | Received a gift from Yredelemnul (a wight)
 21882 | Bailey   | Acquired the ring of Ohihunuma {rF+ Int-3 SInv Stlth+}
 21978 | Bailey   | Killed an orc warlord
 22250 | D:13     | Acquired a manual of Stealth
 22486 | D:14     | Found a corrupted altar of Lugonu.
 22780 | D:14     | Found Zin's Purification Station.
 22781 | D:14     | Found a glowing silver altar of Zin.
 22799 | D:14     | Received a gift from Yredelemnul (a wraith)
 22922 | D:14     | Bought a potion of curing for 90 gold pieces
 23688 | D:14     | Reached XP level 14. HP: 115/115 MP: 21/21
 24013 | D:14     | Reached skill level 20 in Polearms
 25138 | D:14     | Found a gate to the Vaults.
 25260 | Orc:1    | Entered Level 1 of the Orcish Mines
 25284 | Orc:1    | Received a gift from Yredelemnul (2 flying skulls)
 25780 | Orc:2    | Entered Level 2 of the Orcish Mines
 25797 | Orc:2    | Received a gift from Yredelemnul (5 flying skulls)
 25968 | Orc:2    | Found Tuuvox's Jewellery Shop.
 25990 | Orc:2    | Found a staircase to the Elven Halls.
 26000 | Orc:2    | Found a burning altar of Makhleb.
 26014 | Orc:2    | Received a gift from Yredelemnul (a wight)
 26348 | Orc:2    | Received a gift from Yredelemnul (a vampire)
 26418 | Orc:2    | Reached skill level 10 in Stealth
 26893 | Orc:2    | Found Boudi's General Store.
 26893 | Orc:2    | Found Lileerue's Armour Emporium.
 26896 | Orc:2    | Found Gall's Assorted Antiques.
 26898 | Orc:2    | Found Yteifer's Armour Boutique.
 26902 | Orc:2    | Bought a potion of curing for 39 gold pieces
 26905 | Orc:2    | Bought a scroll of identify for 56 gold pieces
 26905 | Orc:2    | Bought a scroll labelled USAOSH BEWA for 28 gold pieces
 26905 | Orc:2    | Bought a potion of resistance for 280 gold pieces
 27214 | Lair:1   | Entered Level 1 of the Lair of Beasts
 27246 | Lair:1   | Received a gift from Yredelemnul (a vampire)
 27779 | Lair:1   | Noticed Erica
 27788 | Lair:1   | Killed Erica
 28213 | Lair:1   | Received a gift from Yredelemnul (a vampire)
 28962 | Lair:2   | Reached skill level 21 in Polearms
 28977 | Lair:2   | Lost mutation: You have a pair of small antennae on your
                  | head. [potion of mutation]
 28977 | Lair:2   | Lost mutation: You are strong-willed. (Will+) [potion of
                  | mutation]
 28977 | Lair:2   | Gained mutation: You are agile. (Dex +2) [potion of
                  | mutation]
 28977 | Lair:2   | Gained mutation: Your muscles are strong. (Str +2) [potion
                  | of mutation]
 29585 | Lair:2   | Received a gift from Yredelemnul (a vampire)
 30106 | Lair:3   | Found a gate leading to a gauntlet.
 30108 | Lair:3   | Found a staircase to the Shoals.
 30130 | Gauntlet | Entered a Gauntlet
 30130 | Gauntlet | Found a transporter.
 30212 | Gauntlet | Found a transporter.
 30216 | Gauntlet | Found a transporter.
 30224 | Gauntlet | Found a transporter.
 30228 | Gauntlet | Found a transporter.
 30239 | Gauntlet | Found a transporter.
 30240 | Gauntlet | Found a transporter.
 30251 | Gauntlet | Found a transporter.
 30252 | Gauntlet | Found a transporter.
 30258 | Gauntlet | Found a runed translucent gate.
 30258 | Gauntlet | Found a runed translucent gate.
 30258 | Gauntlet | Found a runed translucent gate.
 30260 | Gauntlet | Found a transporter.
 30291 | Gauntlet | Found a transporter.
 30303 | Gauntlet | Found a transporter.
 30315 | Gauntlet | Found a transporter.
 30327 | Gauntlet | Found a transporter.
 30380 | Gauntlet | Identified the +7 ring mail of Discretion {Str+3 Dex+2}
 30418 | Gauntlet | Received a gift from Yredelemnul (a phantasmal warrior)
 30571 | Gauntlet | Identified the +0 pair of boots "Bewneint" {*Slow rF+
                  | Will+++ Str+5}
 30851 | Gauntlet | Got the Tome of Confrontation
 31097 | Lair:3   | Reached XP level 15. HP: 98/124 MP: 22/22
 31302 | Lair:3   | Received a gift from Yredelemnul (a wraith)
 32146 | Lair:4   | Found a runed translucent door.
 32146 | Lair:4   | Identified the +2 trident "Oweop" {vorpal, Int+4}
 32149 | Lair:4   | Noticed dnasty's ghost (adept GnWn)
 32430 | Lair:4   | Received a gift from Yredelemnul (a flayed ghost)
 32646 | Lair:4   | Reached skill level 22 in Polearms
 33284 | Lair:4   | Found a staircase to the Snake Pit.
 33292 | Lair:4   | Found a snail-covered altar of Cheibriados.
 34359 | Lair:5   | Found a frozen archway.
 34403 | IceCv    | Entered an ice cave
 34981 | IceCv    | Received a gift from Yredelemnul (a wraith)
 35116 | IceCv    | Received a gift from Yredelemnul (a ghoul)
 35779 | IceCv    | Identified the +5 bardiche of the Briny Deep {drain, *Rage
                  | rElec rPois Int+5}
 35893 | Lair:5   | Found a staircase to the Slime Pits.
 36082 | Lair:5   | Reached ****** piety under Yredelemnul
 36082 | Lair:5   | Received a gift from Yredelemnul (a skeletal warrior)
 36083 | Lair:5   | Reached skill level 23 in Polearms
 36092 | Lair:5   | Received a gift from Yredelemnul (a flayed ghost)
 36426 | Lair:5   | You fall into a shaft and drop 1 floor!
 36426 | Lair:6   | Entered Level 6 of the Lair of Beasts
 36451 | Lair:6   | Found a shadowy altar of Dithmenos.
 36982 | Lair:6   | Reached XP level 16. HP: 132/132 MP: 23/23
 37040 | Lair:6   | Reached skill level 24 in Polearms
 37048 | Lair:6   | Received a gift from Yredelemnul (a vampire knight)
 37276 | Lair:6   | Noticed Josephine
 37280 | Lair:6   | Killed Josephine
 38020 | Shoals:1 | Entered Level 1 of the Shoals
 38433 | Shoals:1 | Found Leetrat's Antique Weapon Shop.
 38445 | Shoals:1 | Reached skill level 25 in Polearms
 39362 | Shoals:2 | Noticed Nikola
 39379 | Shoals:2 | Killed Nikola
 39498 | Shoals:2 | Received a gift from Yredelemnul (a vampire)
 40002 | Shoals:2 | Found a transporter.
 40024 | Shoals:2 | Reached skill level 26 in Polearms
 40345 | Shoals:2 | Received a gift from Yredelemnul (a profane servitor)
 40489 | Shoals:2 | Found a transporter.
 40507 | Shoals:2 | Noticed DemonSlayer's ghost (adept DsBe)
 40643 | Shoals:2 | Killed DemonSlayer's ghost
 40652 | Shoals:2 | Identified the ring of the Vendetta {rN+ Int+6}
 40659 | Shoals:2 | Identified the +0 helmet of the Sun {rElec}
 41061 | Shoals:3 | Reached XP level 17. HP: 138/138 MP: 24/24
 41147 | Shoals:3 | Found Gatteplu's Book Boutique.
 41148 | Shoals:3 | Received a gift from Yredelemnul (a bone dragon)
 41188 | Shoals:3 | Bought a manual of Armour for 1280 gold pieces
 41254 | Shoals:3 | Reached skill level 27 in Polearms
 41866 | Shoals:4 | Entered Level 4 of the Shoals
 41881 | Shoals:4 | Found Juizaquori's Antique Weapon Boutique.
 42083 | Shoals:4 | Identified the +5 falchion of the Empty Page {protect,
                  | rElec MP+9 Str+3 Stlth+}
 42277 | Shoals:4 | Received a gift from Yredelemnul (a flayed ghost)
 42578 | Shoals:4 | Received a gift from Yredelemnul (a phantasmal warrior)
 42584 | Shoals:4 | Reached skill level 10 in Armour
 42623 | Shoals:4 | Received a gift from Yredelemnul (a bone dragon)
 42635 | Shoals:4 | Noticed Polyphemus
 42648 | Shoals:4 | Killed Polyphemus
 42650 | Shoals:4 | Reached skill level 15 in Fighting
 42669 | Shoals:4 | Received a gift from Yredelemnul (a phantasmal warrior)
 42803 | Shoals:4 | Your ally Polyphemus died
 43517 | Shoals:4 | Received a gift from Yredelemnul (a flayed ghost)
 44031 | Shoals:4 | Got a barnacled rune of Zot
 44513 | Snake:1  | Entered Level 1 of the Snake Pit
 44522 | Snake:1  | Learned a level 5 spell: Silence
 44523 | Snake:1  | Noticed Roxanne
 44605 | Snake:1  | Noticed Asterion
 44607 | Snake:1  | Noticed Frances
 44628 | Snake:1  | Killed Asterion
 44629 | Snake:1  | Reached skill level 1 in Hexes
 44652 | Snake:1  | Killed Frances
 44653 | Snake:1  | Reached skill level 1 in Air Magic
 44692 | Snake:1  | Received a gift from Yredelemnul (a vampire knight)
 44797 | Snake:1  | Reached XP level 18. HP: 120/149 MP: 23/25
 45614 | Snake:1  | Noticed Jorgrun
 45621 | Snake:1  | Killed Jorgrun
 45880 | Snake:1  | Killed Roxanne
 46090 | Snake:2  | Received a gift from Yredelemnul (a ghoul)
 46172 | Snake:2  | Reached skill level 5 in Hexes
 47027 | Snake:3  | Reached skill level 5 in Air Magic
 47445 | Snake:3  | Received a gift from Yredelemnul (a flayed ghost)
 47769 | Snake:3  | Found a white marble altar of Elyvilon.
 47819 | Snake:3  | Received a gift from Yredelemnul (a skeletal warrior)
 48555 | Snake:4  | Entered Level 4 of the Snake Pit
 48678 | Snake:4  | Noticed Aizul
 48830 | Snake:4  | Received a gift from Yredelemnul (a flayed ghost)
 48899 | Snake:4  | Found Ysasi's Weapon Boutique.
 48901 | Snake:4  | Found Jypaedig's Antique Armour Shop.
 48914 | Snake:4  | Killed Aizul
 48928 | Snake:4  | Bought a runed helmet for 262 gold pieces
 48988 | Snake:4  | Your ally Aizul died
 49269 | Snake:4  | Received a gift from Yredelemnul (a flayed ghost)
 49848 | Snake:4  | Reached XP level 19. HP: 141/155 MP: 26/26
 50009 | Snake:4  | Received a gift from Yredelemnul (a bone dragon)
 50159 | Snake:4  | Received a gift from Yredelemnul (a flayed ghost)
 50307 | Snake:4  | Got a serpentine rune of Zot
 51471 | Elf:1    | Entered Level 1 of the Elven Halls
 51502 | Elf:1    | Found Copaczoi's Book Emporium.
 51587 | Elf:1    | Found Neylec's Antique Weapon Shoppe.
 51594 | Elf:1    | Received a gift from Yredelemnul (a profane servitor)
 51601 | Elf:1    | Reached skill level 10 in Hexes
 51841 | Elf:1    | Received a gift from Yredelemnul (a ghoul)
 52117 | Elf:1    | Paralysed by an air elemental for 1 turns
 52124 | Elf:1    | Paralysed by an air elemental for 1 turns
 52130 | Elf:1    | Paralysed by an air elemental for 1 turns
 52737 | Elf:1    | Found Olotaos's Armour Boutique.
 52743 | Elf:1    | Bought a +1 pair of gloves for 161 gold pieces
 52769 | Elf:1    | Found Apnytz's Weapon Boutique.
 52781 | Elf:1    | Found Deuweqaf's Antique Armour Emporium.
 52899 | Elf:1    | Identified the amulet "Yptimpe" {Reflect Rampage SH+5}
 53140 | Elf:1    | Received a gift from Yredelemnul (a vampire knight)
 53366 | Elf:1    | Got Cycaa's Catalogue of Attacks
 53463 | Elf:2    | Found a runed translucent door.
 53467 | Elf:2    | Noticed Joey1's ghost (journeyman MiBe)
 53965 | Elf:2    | Reached skill level 1 in Spellcasting
 54048 | Elf:2    | Received a gift from Yredelemnul (a flayed ghost)
 54056 | Elf:2    | Found a runed translucent gate.
 54056 | Elf:2    | Found a runed translucent gate.
 54056 | Elf:2    | Found a runed translucent gate.
 54252 | Elf:2    | Received a gift from Yredelemnul (a phantasmal warrior)
 54271 | Elf:2    | Killed from afar by a deep elf knight

Illustrated notes

Levels and vault maps discovered:
D:1:      lemuel_arrival_behind_the_door_small, layout_loops_ring,
          chequers_arboretum
D:2:      layout_basic
D:3:      layout_rooms, serial_shops, shop, gup_sewer_entry_pipe,
          ebering_ecumenical_altar_box, grunt_ministairs_4, uniq_terence
D:4:      layout_cave_pools, serial_glass, glass_columns_c, glass_columns_a,
          minmay_bent, uniq_eustachio
D:5:      layout_basic, grunt_temple_overflow_open
D:6:      lemuel_insect_pit, layout_rooms, chequers_serial_rivers_micro_a,
          serial_bayou_pond_c, grunt_ministairs_13,
          eino_small_chamber_without_monster, uniq_prince_ribbit1, uniq_duvessa
D:7:      layout_layer_cave, minmay_temple_entry_tees,
          minmay_misc_feat_diagonals, uniq_joseph, uniq_crazy_yiuf_cottage
D:8:      layout_loops_corners, serial_shops, shop
D:9:      layout_basic
D:10:     layout_loops_cross, old_standard_altar, lair_entry_dummy,
          minmay_chambers_of_fives, uniq_grum
D:11:     layout_basic, minmay_orc_entry_guard_dogs,
          gammafunk_ghost_nasty_kobolds
D:12:     layout_gridville, hangedman_decor_diamond_cutter, uniq_maurice,
          uniq_rupert, uniq_snorg
D:13:     layout_cave_pools
D:14:     kennysheep_kobold_lugonu_temple, layout_loops_cross, david_vaults_4,
          enter_bailey_2, chequers_serial_rivers_micro_d,
          chequers_serial_rivers_room_b, hangedman_stone_soup, zin_purify
Temple:   eino_temple_scatter_basement
Lair:1:   layout_hall_layers, st_stairs_7, uniq_erica
Lair:2:   layout_roguey, serial_bayou, serial_bayou_lagoon_a,
          serial_bayou_shore_a, serial_bayou_pond_a, serial_bayou_lake_a,
          grunt_forest_large_clearing_hut
Lair:3:   layout_small_grid, shoals_dummy_entry, gauntlet_entry_generic
Lair:4:   layout_roguey, dummy_snake_entry, basic_altar,
          ebering_ghost_funeral_grove, infiniplex_staircase_pool,
          grunt_megastairs_1
Lair:5:   layout_concentric_octagons, slime_dummy,
          portal_ice_cave_entry_ice_simulacra, chequers_serial_rivers_micro_e,
          beast_lair_carwin_4
Lair:6:   grunt_lair_end_beastmaster, layout_gridlike, basic_altar,
          serial_bayou_shore_b, uniq_josephine
Shoals:1: layout_shoals, serial_shops, nicolae_shop_overgrown_old_shop,
          nicolae_shoals_water_elemental_grotto
Shoals:2: layout_shoals, gammafunk_ghost_berserking_beasts, uniq_nikola
Shoals:3: layout_shoals, serial_shops, shop_fountains,
          nicolae_shoals_secluded_bog
Shoals:4: shoals_end_grunt_ice, layout_shoals, serial_shops,
          nicolae_shop_overgrown_old_shop,
          nicolae_shoals_lost_giant_amphitheater, uniq_polyphemus
Snake:1:  layout_onion, hangedman_snake_thin_pillar_pass,
          hangedman_venom_bottle, uniq_roxanne, uniq_jorgrun, uniq_asterion,
          uniq_frances
Snake:2:  layout_basic, grunt_ministairs_13, nicolae_snake_slithery_corners
Snake:3:  layout_chambers, basic_altar
Snake:4:  grunt_snake_rune_serpentine_throne, layout_basic, minmay_shoptagon,
          uniq_aizul
Orc:1:    layout_caves, mines_bat_river
Orc:2:    st_orc_rangers, layout_diamond_mine, serial_shops, nicolae_shop_trees,
          bloody_makhleb
Elf:1:    minmay_the_grid_octo_2x2 [minmay_the_grid_octo_fat_diamond,
          minmay_the_grid_octo_horde, minmay_the_grid_octo_empty,
          minmay_the_grid_octo_prize_single_spiral], layout_loops_corners,
          serial_shops, shop, shop, shop, shop, shop, minmay_elf_sorcery
Elf:2:    nicolae_elf_blades_crystal_corner, layout_rooms,
          ebering_ghost_inner_flame

Skill      XL: |  1  2  3  4  5  6  7  8  9 10 11 12 13 14 15 16 17 18 19 |
---------------+----------------------------------------------------------+-----
Dodging        | 3 4 5 6 7 8 9 |  9.0
Polearms       | 4 5 6 8 9 10 12 14 16 18 19 21 23 26 27 | 27.0
Fighting       | 4 5 6 7 8 10 11 12 13 15 | 15.5
Invocations    | 2 3 5 6 8 9 10 | 10.0
Armour         | 2 4 5 6 7 8 11 | 11.4
Stealth        | 8 10 | 10.1
Hexes          | 3 9 11 | 11.0
Air Magic      | 2 7 9 |  9.3
Spellcasting   | 3 |  3.7

Action                   |  1- 3 |  4- 6 |  7- 9 | 10-12 | 13-15 | 16-18 | 19-21 || total
-------------------------+-------+-------+-------+-------+-------+-------+-------++-------
Melee: Spear             |   107 |   484 |    38 |   426 |  1549 |       |       ||  2604
       Tailslap          |     2 |     6 |     1 |       |    26 |    28 |       ||    63
       Trident           |       |       |   312 |   117 |   123 |       |       ||   552
       Whip              |       |       |     9 |       |       |       |       ||     9
       Halberd           |       |       |       |   282 |   150 |       |       ||   432
       Bardiche          |       |       |       |       |   103 |   822 |   227 ||  1152
Throw: Dart              |       |       |       |     4 |     5 |       |       ||     9
       Throwing net      |       |       |       |       |       |     1 |       ||     1
 Cast: Silence           |       |       |       |       |       |       |     1 ||     1
Invok: Animate Remains   |       |       |     1 |    11 |       |       |       ||    12
       Animate Dead      |       |       |       |    11 |    61 |    34 |     1 ||   107
       Recall Undead Sla |       |       |       |     2 |     3 |     6 |     1 ||    12
       Drain Life        |       |       |       |       |     4 |     9 |       ||    13
       Injury Mirror     |       |       |       |       |     1 |       |       ||     1
       Stop Recall       |       |       |       |       |       |     3 |     1 ||     4
Evoke: Wand              |       |       |       |     3 |     9 |       |       ||    12
  Use: Scroll            |     2 |     4 |     8 |     6 |    16 |     3 |     1 ||    40
       Potion            |       |     4 |     5 |     4 |     6 |       |       ||    19
 Stab: Sleeping          |    11 |    28 |     4 |     8 |    28 |    31 |    14 ||   124
       Distracted        |       |       |       |     7 |    34 |    22 |     8 ||    71
       Confused          |       |       |       |       |     2 |       |       ||     2
       Petrified         |       |       |       |       |     2 |       |       ||     2
       Paralysed         |       |       |       |       |       |     3 |       ||     3
Armor: Leather armour    |    16 |     3 |       |       |       |       |       ||    19
       Ring mail         |       |   119 |    66 |    14 |       |       |       ||   199
       Scale mail        |       |       |       |   189 |   528 |   178 |    49 ||   944
Dodge: Dodged            |    54 |   225 |   241 |   373 |   984 |   553 |   101 ||  2531
Block: Other             |       |       |       |   104 |   324 |   119 |    25 ||   572
       Reflection        |       |       |       |     7 |    30 |    16 |     2 ||    55
